[Event "24th Hoogeschool Zeeland 2022"]
[Site "Vlissingen"]
[Date "2022.08.07"]
[Round "2.12"]
[White "Van Delft, Merijn"]
[Black "Riksen, John"]
[Result "1-0"]
[ECO "C62"]
[WhiteElo "2383"]
[BlackElo "2014"]
[Annotator "TA"]
[PlyCount "35"]
[EventDate "2022.08.05"]
[EventType "swiss"]
[EventCountry "NED"]
[SourceTitle "playchess.com"]
[Source "ChessBase"]
[SourceQuality "1"]
[TimeControl "40/5400+30:1800+30"]

1. e4 d6 2. d4 Nf6 3. Nc3 e5 4. Nf3 Nc6 5. Bb5 Bd7 6. Bxc6 Bxc6 7. Qd3 ({Much weaker is} 7. dxe5 dxe5 8. Qe2 Bd6 $11) 7... Qe7 {[%emt 0:05:22] C62: Ruy Lopez: Steinitz Defence.} 8. O-O a6 9. Re1 h6 {[%emt 0:23:00] [#] White is better.} 10. b3 $146 ({Predecessor:} 10. Qc4 O-O-O 11. d5 Bd7 12. b4 Qe8 13. a4 b5 14. axb5 Bxb5 15. Nxb5 Qxb5 16. Qc6 {1-0 (23) Gonzalez de la Torre,S (2464)-Catedra Diaz,P (1694) Jaen 2014}) 10... g5 (10... Bd7 $16 {is a better defense.}) 11. Ba3 $18 {[%emt 0:05:05][%cal Of3e5] Hoping for Nxe5!} g4 $2 {[%emt 0:01:38] [#]} (11... Qd7 {is more resistant.} 12. dxe5 dxe5) 12. Nxe5 $1 Bb5 13. Nc4 Qd7 14. e5 {[%emt 0:03:25] Threatens to win with exd6+.} dxe5 15. Rxe5+ Kd8 16. Bxf8 Rxf8 17. Qe3 Rh8 (17... Bxc4 $142 18. bxc4 Qc6) 18. Qf4 {[%emt 0:02:09] Black got outplayed after the opening.  Weighted Error Value: White=0.23 (precise) /Black=0.73} 1-0

[Event "24th Hoogeschool Zeeland 2022"]
[Site "Vlissingen"]
[Date "2022.08.07"]
[Round "2.13"]
[White "Lichtmannecker, Daniel"]
[Black "Pham, Khoi"]
[Result "0-1"]
[ECO "B40"]
[WhiteElo "2013"]
[BlackElo "2317"]
[Annotator "RC"]
[PlyCount "74"]
[EventDate "2022.08.05"]
[EventType "swiss"]
[EventCountry "NED"]
[SourceTitle "playchess.com"]
[Source "ChessBase"]
[SourceQuality "1"]
[TimeControl "40/5400+30:1800+30"]

1. e4 c5 2. Nf3 e6 3. g3 Nc6 4. Bg2 Nf6 5. Qe2 e5 6. c3 Be7 7. O-O O-O 8. Rd1 d5 9. d3 d4 10. a4 a6 11. Nbd2 Rb8 12. h3 b5 13. axb5 axb5 14. c4 Ne8 15. Ne1 bxc4 16. Nxc4 Nd6 17. Nxd6 Qxd6 18. f4 Be6 19. Nf3 f6 20. f5 Bb3 21. Rf1 Nb4 22. Nd2 Bf7 23. b3 Nc2 24. Rb1 Ne3 25. Rf3 Qa6 26. Rb2 Qa1 27. Rb1 Qc3 28. Nc4 Qc2 29. Qxc2 Nxc2 30. Rb2 Ne1 31. Kf2 Nxf3 32. Bxf3 Ra8 33. Ke1 Rfb8 34. Kd1 Bd8 35. Kc2 Ba5 36. Nxa5 Rxa5 37. Bd1 Rab5 0-1

[Event "24th Hoogeschool Zeeland 2022"]
[Site "Vlissingen"]
[Date "2022.08.07"]
[Round "2.14"]
[White "Royal, Shreyas"]
[Black "De Wolf, Johan"]
[Result "1-0"]
[ECO "E08"]
[WhiteElo "2353"]
[BlackElo "2010"]
[Annotator "RC"]
[PlyCount "95"]
[EventDate "2022.08.05"]
[EventType "swiss"]
[EventCountry "NED"]
[SourceTitle "playchess.com"]
[Source "ChessBase"]
[SourceQuality "1"]
[TimeControl "40/5400+30:1800+30"]

1. d4 Nf6 2. c4 e6 3. Nf3 d5 4. g3 Be7 5. Bg2 O-O 6. O-O c6 7. Qc2 b6 8. b3 Bb7 9. Bb2 Nbd7 10. Nc3 Rc8 11. e4 Qc7 12. Rad1 Qb8 13. Rfe1 Rfd8 14. Bc1 Qa8 15. e5 Ne8 16. Bg5 Bxg5 17. Nxg5 Nf8 18. c5 h6 19. Nh3 Rc7 20. f4 Bc8 21. Nf2 f6 22. Nd3 f5 23. b4 Qb8 24. a4 Ba6 25. b5 cxb5 26. axb5 bxc5 27. Nxd5 exd5 28. bxa6 cxd4 29. Qa4 Ne6 30. Rb1 Qc8 31. Nb4 Rc4 32. Bxd5 Rxd5 33. Nxd5 Rxa4 34. Ne7+ Kh7 35. Nxc8 Rxa6 36. Ra1 Rc6 37. Rec1 Rc3 38. Rxc3 dxc3 39. Rc1 Nd4 40. Kf2 Nb5 41. Ke3 Nec7 42. Kd3 Ne6 43. Nd6 Nbd4 44. Rxc3 g5 45. Rc4 Nf3 46. Nxf5 gxf4 47. gxf4 Nxh2 48. Ke4 1-0

[Event "24th Hoogeschool Zeeland 2022"]
[Site "Vlissingen"]
[Date "2022.08.07"]
[Round "2.15"]
[White "Van Wijk, Peter"]
[Black "Seul, Georg"]
[Result "0-1"]
[ECO "B12"]
[WhiteElo "2016"]
[BlackElo "2367"]
[Annotator "RC"]
[PlyCount "38"]
[EventDate "2022.08.05"]
[EventType "swiss"]
[EventCountry "NED"]
[SourceTitle "playchess.com"]
[Source "ChessBase"]
[SourceQuality "1"]
[TimeControl "40/5400+30:1800+30"]

1. e4 c6 2. d4 d5 3. e5 c5 4. dxc5 e6 5. a3 Bxc5 6. b4 Be7 7. c4 Qc7 8. Bb2 dxc4 9. Qg4 f5 10. exf6 Bxf6 11. Nc3 Qe5+ 12. Be2 Qxc3+ 13. Bxc3 Bxc3+ 14. Kf1 Bxa1 15. Qxc4 Nc6 16. Nh3 Nf6 17. g4 O-O 18. Kg2 Be5 19. f4 Nd5 0-1

[Event "24th Hoogeschool Zeeland 2022"]
[Site "Vlissingen"]
[Date "2022.08.07"]
[Round "2.16"]
[White "Sorbe, Stephane"]
[Black "Smeets, Kobe"]
[Result "1-0"]
[ECO "B25"]
[WhiteElo "2352"]
[BlackElo "1963"]
[Annotator "RC"]
[PlyCount "65"]
[EventDate "2022.08.05"]
[EventType "swiss"]
[EventCountry "NED"]
[SourceTitle "playchess.com"]
[Source "ChessBase"]
[SourceQuality "1"]
[TimeControl "40/5400+30:1800+30"]

1. e4 c5 2. Nc3 Nc6 3. g3 g6 4. Bg2 Bg7 5. d3 d6 6. f4 e6 7. Nf3 Nge7 8. O-O O-O 9. Be3 Rb8 10. a3 b5 11. Qd2 Nd4 12. Qf2 Nec6 13. Nd1 Nxf3+ 14. Qxf3 b4 15. axb4 Nxb4 16. Qe2 Qb6 17. c3 Nc6 18. b4 Qb5 19. e5 Rd8 20. c4 Qb6 21. bxc5 dxc5 22. Nc3 Qb3 23. Qd2 Nxe5 24. fxe5 Bxe5 25. Rac1 Ba6 26. Bf4 Bd4+ 27. Kh1 Rbc8 28. Bg5 Rd7 29. Ne4 f5 30. Rb1 Qa3 31. Nf6+ Bxf6 32. Bxf6 Rxd3 33. Qh6 1-0

[Event "24th Hoogeschool Zeeland 2022"]
[Site "Vlissingen"]
[Date "2022.08.07"]
[Round "2.17"]
[White "Van Kuijk, Vadim"]
[Black "Klepke, Ricardo"]
[Result "0-1"]
[ECO "B11"]
[WhiteElo "1927"]
[BlackElo "2293"]
[Annotator "RC"]
[PlyCount "144"]
[EventDate "2022.08.05"]
[EventType "swiss"]
[EventCountry "NED"]
[SourceTitle "playchess.com"]
[Source "ChessBase"]
[SourceQuality "1"]
[TimeControl "40/5400+30:1800+30"]

1. e4 d5 2. exd5 Qxd5 3. Nc3 Qd8 4. d4 Nf6 5. Nf3 Bg4 6. h3 Bxf3 7. Qxf3 c6 8. Be3 e6 9. Bd3 Nbd7 10. Ne4 Nxe4 11. Qxe4 Nf6 12. Qf3 Be7 13. O-O O-O 14. c4 Qc7 15. Rfd1 Rad8 16. Rab1 Rd7 17. b4 Rfd8 18. Be4 Nxe4 19. Qxe4 b5 20. Rdc1 Qb7 21. cxb5 cxb5 22. Qxb7 Rxb7 23. Rc6 Kf8 24. a3 Bf6 25. Rd1 Ke8 26. Kf1 Rd5 27. Rc8+ Bd8 28. Rdc1 Rbd7 29. R1c5 Ke7 30. Rxd5 exd5 31. Ke2 Rc7 32. Rxc7+ Bxc7 33. Kf3 Ke6 34. Bd2 g6 35. Ke2 Bb6 36. Kd3 Bd8 37. g3 f5 38. f4 Kf6 39. Ke2 Bb6 40. Be3 a5 41. Kf3 Kg7 42. Bf2 Bc7 43. Be3 Kh6 44. Kg2 Kh5 45. Kf3 Bd8 46. Bd2 axb4 47. axb4 Be7 48. Be1 g5 49. Bd2 g4+ 50. Kg2 gxh3+ 51. Kxh3 h6 52. Be1 Kg6 53. Bd2 h5 54. Be1 h4 55. Bd2 Kh5 56. Bc3 Bf6 57. gxh4 Bxh4 58. Bd2 Bf2 59. Bc3 Be3 60. Kg3 Bc1 61. Kf3 Kh4 62. Be1+ Kh3 63. Bc3 Kh2 64. Be1 Bb2 65. Ke3 Kg2 66. Bd2 Kf1 67. Kd3 Kf2 68. Be3+ Kf3 69. Bd2 Ba3 70. Kc2 Ke2 71. Bc3 Ke3 72. Bd2+ Kxd4 0-1

[Event "24th Hoogeschool Zeeland 2022"]
[Site "Vlissingen"]
[Date "2022.08.07"]
[Round "2.18"]
[White "Grochal, Joey"]
[Black "Reichardt, Gert"]
[Result "1/2-1/2"]
[ECO "D44"]
[WhiteElo "2290"]
[BlackElo "1979"]
[Annotator "NA RC"]
[PlyCount "67"]
[EventDate "2022.08.05"]
[EventType "swiss"]
[EventCountry "NED"]
[SourceTitle "playchess.com"]
[Source "ChessBase"]
[SourceQuality "1"]
[TimeControl "40/5400+30:1800+30"]

1. d4 d5 2. c4 c6 3. Nf3 Nf6 4. Nc3 e6 5. Bg5 dxc4 6. e4 b5 7. e5 h6 8. Bh4 g5 9. Nxg5 hxg5 10. Bxg5 Nbd7 11. exf6 Bb7 12. g3 c5 13. d5 Qb6 14. Bg2 O-O-O 15. O-O b4 16. Na4 Qb5 17. a3 Nb8 18. axb4 cxb4 19. Qg4 Bxd5 20. Rfc1 Nd7 21. Bxd5 exd5 22. b3 c3 23. Qd4 Bc5 24. Nxc5 Qxc5 25. Be3 Qxd4 26. Bxd4 Rhe8 27. Ra4 a5 28. Rxa5 Ne5 29. Bxc3 bxc3 30. Rxc3+ Kb7 31. Rcc5 Nf3+ 32. Kg2 Ne1+ 33. Kf1 d4 34. Rab5+ 1/2-1/2

[Event "24th Hoogeschool Zeeland 2022"]
[Site "Vlissingen"]
[Date "2022.08.07"]
[Round "2.19"]
[White "Ollenberger, Roland"]
[Black "Gorny, Michael"]
[Result "1-0"]
[ECO "B37"]
[WhiteElo "2264"]
[BlackElo "1962"]
[Annotator "RC"]
[PlyCount "67"]
[EventDate "2022.08.05"]
[EventType "swiss"]
[EventCountry "NED"]
[SourceTitle "playchess.com"]
[Source "ChessBase"]
[SourceQuality "1"]
[TimeControl "40/5400+30:1800+30"]

1. Nf3 c5 2. c4 Nc6 3. Nc3 g6 4. d4 cxd4 5. Nxd4 Bg7 6. Nc2 d6 7. e4 Nf6 8. Be2 O-O 9. h4 Ne5 10. h5 Be6 11. Ne3 Rc8 12. b3 b5 13. f4 Nxc4 14. bxc4 Nxe4 15. Nxe4 Bxa1 16. Ng5 Qa5+ 17. Kf2 Qb6 18. hxg6 hxg6 19. Rh8+ Kg7 20. Rh7+ Kg8 21. Qh1 Qd4 22. Rh4 Rc5 23. f5 Rxf5+ 24. Bf3 Qg7 25. Ng4 Bd4+ 26. Ke1 Bc3+ 27. Kd1 Qd4+ 28. Kc2 Rf4 29. Nh6+ Kg7 30. Rxf4 Qf2+ 31. Kxc3 Bxc4 32. Nf5+ gxf5 33. Qh7+ Kf6 34. Rxf5# 1-0

[Event "24th Hoogeschool Zeeland 2022"]
[Site "Vlissingen"]
[Date "2022.08.07"]
[Round "2.20"]
[White "Kalisvaart, Peter"]
[Black "Lammens, Tim"]
[Result "0-1"]
[ECO "D00"]
[WhiteElo "1979"]
[BlackElo "2255"]
[Annotator "RC"]
[PlyCount "70"]
[EventDate "2022.08.05"]
[EventType "swiss"]
[EventCountry "NED"]
[SourceTitle "playchess.com"]
[Source "ChessBase"]
[SourceQuality "1"]
[TimeControl "40/5400+30:1800+30"]

1. d4 Nf6 2. Bg5 d5 3. Bxf6 exf6 4. e3 Nd7 5. c4 dxc4 6. Bxc4 Bd6 7. Nf3 O-O 8. O-O f5 9. Nc3 c6 10. Qc2 Qe7 11. Rfe1 Nf6 12. Bd3 g6 13. h3 Be6 14. e4 fxe4 15. Nxe4 Nxe4 16. Rxe4 Qf6 17. Ne5 Rad8 18. Qe2 Bd5 19. Re3 c5 20. Ng4 Qxd4 21. Rd1 Qg7 22. Bb1 Bc6 23. Ne5 Bxe5 24. Rxd8 Rxd8 25. Rxe5 Rd1+ 26. Qxd1 Qxe5 27. Qc2 Qg5 28. g3 Qd5 29. Kf1 Qh1+ 30. Ke2 Bb5+ 31. Ke3 Qe1+ 32. Kf4 Bd7 33. g4 Bc6 34. g5 Qg1 35. h4 Qh1 0-1

[Event "24th Hoogeschool Zeeland 2022"]
[Site "Vlissingen"]
[Date "2022.08.07"]
[Round "2.22"]
[White "Wiewesiek, Timo"]
[Black "Grutter, Tim"]
[Result "1-0"]
[ECO "A15"]
[WhiteElo "1976"]
[BlackElo "2246"]
[Annotator "RC"]
[PlyCount "92"]
[EventDate "2022.08.05"]
[EventType "swiss"]
[EventCountry "NED"]
[SourceTitle "playchess.com"]
[Source "ChessBase"]
[SourceQuality "1"]
[TimeControl "40/5400+30:1800+30"]

1. b3 Nf6 2. Bb2 g6 3. c4 Bg7 4. Nc3 O-O 5. Nf3 d6 6. g3 e5 7. Bg2 Nc6 8. O-O e4 9. Ne1 Bf5 10. d4 Qd7 11. e3 Rae8 12. Ba3 Bh3 13. c5 d5 14. b4 Bxg2 15. Kxg2 Ne7 16. c6 Nxc6 17. b5 Ne7 18. Rc1 Ra8 19. Qb3 Rfd8 20. Nc2 Nf5 21. Rg1 h5 22. Na4 h4 23. Nc5 Qc8 24. Nb4 h3+ 25. Kf1 Ng4 26. Ke2 Ne7 27. Nxb7 Qxb7 28. Na6 c6 29. Bxe7 Qxe7 30. bxc6 Qf6 31. Rgf1 Nxh2 32. Qb7 Qf3+ 33. Kd2 Nxf1+ 34. Rxf1 Rac8 35. c7 Re8 36. Nb4 Qg2 37. Re1 h2 38. Nxd5 Qxf2+ 39. Re2 Qxe2+ 40. Kxe2 h1=Q 41. Ne7+ Rxe7 42. Qxc8+ Bf8 43. Qd8 Qg2+ 44. Kd1 Qf1+ 45. Kd2 Qd3+ 46. Ke1 Qc3+ 1-0

[Event "24th Hoogeschool Zeeland 2022"]
[Site "Vlissingen"]
[Date "2022.08.07"]
[Round "2.23"]
[White "Laux, Dominik"]
[Black "Omota, Vlad"]
[Result "1-0"]
[ECO "C18"]
[WhiteElo "2320"]
[BlackElo "1953"]
[Annotator "RC"]
[PlyCount "45"]
[EventDate "2022.08.05"]
[EventType "swiss"]
[EventCountry "NED"]
[SourceTitle "playchess.com"]
[Source "ChessBase"]
[SourceQuality "1"]
[TimeControl "40/5400+30:1800+30"]

1. e4 e6 2. d4 d5 3. Nc3 Bb4 4. e5 c5 5. a3 Bxc3+ 6. bxc3 Qc7 7. Qg4 f5 8. Qg3 Nc6 9. Nf3 g6 10. Be2 Bd7 11. O-O O-O-O 12. dxc5 Nge7 13. Nd4 a6 14. Bg5 Rde8 15. Rab1 h6 16. Bf6 Rhg8 17. Rb6 g5 18. Rfb1 Nxd4 19. cxd4 Bc6 20. Qc3 Kd7 21. Qh3 Kc8 22. Qxh6 f4 23. Bg4 1-0

[Event "24th Hoogeschool Zeeland 2022"]
[Site "Vlissingen"]
[Date "2022.08.07"]
[Round "2.24"]
[White "Tibke, Jonas"]
[Black "Stillger, Bernhard"]
[Result "1/2-1/2"]
[ECO "B07"]
[WhiteElo "1961"]
[BlackElo "2245"]
[Annotator "RC"]
[PlyCount "81"]
[EventDate "2022.08.05"]
[EventType "swiss"]
[EventCountry "NED"]
[SourceTitle "playchess.com"]
[Source "ChessBase"]
[SourceQuality "1"]
[TimeControl "40/5400+30:1800+30"]

1. e4 g6 2. d4 Bg7 3. f4 d6 4. Nf3 Nf6 5. Bd3 c5 6. dxc5 Qa5+ 7. Nbd2 Qxc5 8. Nb3 Qc7 9. O-O O-O 10. Qe1 Na6 11. Kh1 d5 12. e5 Ne4 13. Bxe4 dxe4 14. Nfd4 b6 15. Qxe4 Bb7 16. Qe2 Nb4 17. c3 Ba6 18. Nb5 Qd7 19. a4 Nc6 20. Rd1 Qe6 21. Qc2 Rac8 22. N3d4 Nxd4 23. Nxd4 Qc4 24. Be3 Bb7 25. Rac1 a6 26. b3 Qc7 27. c4 Qb8 28. Qe2 Rfd8 29. Rc2 Be4 30. Rcd2 Qb7 31. Qf2 Rb8 32. h3 e6 33. Qf1 Bf8 34. Bf2 Be7 35. Bg3 Rd7 36. Qf2 Rbd8 37. Kh2 Bb4 38. Re2 Bc5 39. Red2 Bb4 40. Re2 Bc5 41. Red2 1/2-1/2

[Event "24th Hoogeschool Zeeland 2022"]
[Site "Vlissingen"]
[Date "2022.08.08"]
[Round "4.1"]
[White "Ponomariov, Ruslan"]
[Black "Vrolijk, Liam"]
[Result "1/2-1/2"]
[ECO "A08"]
[WhiteElo "2642"]
[BlackElo "2464"]
[Annotator "TA"]
[PlyCount "58"]
[EventDate "2022.08.05"]
[EventType "swiss"]
[EventCountry "NED"]
[SourceTitle "playchess.com"]
[Source "ChessBase"]
[SourceQuality "1"]
[TimeControl "40/5400+30:1800+30"]

1. Nf3 d5 2. g3 Nf6 3. Bg2 c5 4. O-O g6 5. c4 Bg7 6. Qa4+ {[%emt 0:03:18] A08: King's Indian Attack.} Nbd7 7. cxd5 Nxd5 8. Nc3 {[%emt 0:00:23] White is slightly better.} Nxc3 9. dxc3 O-O 10. Be3 Qc7 11. Rfd1 {[%emt 0:01:51] [#]} b5 $146 (11... a5 $14) ({Predecessor:} 11... a6 12. Rd2 Rb8 13. Rad1 b5 14. Qf4 e5 15. Qh4 f6 16. b4 cxb4 17. cxb4 Rf7 {1-0 (33) Vasiukov,E (2555)-Lipman,V Moscow 1978}) 12. Qe4 {[%emt 0:15:39] White is more active.} ({Of course not} 12. Qxb5 $6 Rb8 13. Qc4 Rxb2 $11) ({White should try} 12. Qh4 $16 {And now Ng5 would win.} Nb6 13. Nd2 (13. Ng5 h6 $16)) 12... Nb6 $11 13. Bf4 Bb7 14. Qxg6 hxg6 15. Bxc7 Na4 16. Be5 Rad8 17. Bxg7 Kxg7 18. Rdc1 Bxf3 19. Bxf3 Nxb2 20. a4 Nxa4 21. c4 a6 22. cxb5 axb5 {[%emt 0:00:07] White must now prevent ...Rd6.} 23. Bc6 Rb8 {[%emt 0:00:56] [#]} 24. Bxb5 $1 {[%emt 0:00:35][%mdl 64] Remove Defender} Rxb5 25. Rxa4 {[%emt 0:00:04] KRR-KRR} Rd8 26. Ra7 Kf6 {[%emt 0:05:13] The position is equal.} 27. Rc7 Rd2 28. R7xc5 Rxc5 29. Rxc5 Rxe2 {[%emt 0:00:06] Weighted Error Value: White=0.12 (very precise) /Black=0.08 (flawless)} 1/2-1/2

[Event "24th Hoogeschool Zeeland 2022"]
[Site "Vlissingen"]
[Date "2022.08.08"]
[Round "4.2"]
[White "Dhulipalla Bala Chandra Prasad"]
[Black "Van den Doel, Erik"]
[Result "0-1"]
[ECO "D11"]
[WhiteElo "2423"]
[BlackElo "2589"]
[Annotator "TA"]
[PlyCount "106"]
[EventDate "2022.08.05"]
[EventType "swiss"]
[EventCountry "NED"]
[SourceTitle "playchess.com"]
[Source "ChessBase"]
[SourceQuality "1"]
[TimeControl "40/5400+30:1800+30"]

1. d4 d5 2. c4 c6 3. Nf3 Nf6 4. g3 Bf5 5. Nc3 e6 6. Qb3 {[%emt 0:00:04] D11: Slav Defence: 3 Nf3 sidelines and 3...Nf6 4 e3 Bg4.} Qb6 7. c5 Qc7 8. Bf4 {[%emt 0:00:53] White is slightly better.} Qc8 9. Nh4 Be4 $5 {[%emt 0:11:18][%mdl 4] Leaves trodden paths.} 10. f3 Bg6 11. e4 Be7 12. Nxg6 (12. Bd6 {looks sharper.} Nbd7 13. Bxe7 Kxe7 14. e5) 12... hxg6 13. Bg2 (13. Bd6 $14) 13... Nbd7 $11 {[%emt 0:08:23] [#]} 14. exd5 $146 ({Predecessor:} 14. e5 Ng8 15. Be3 b6 16. cxb6 Rb8 17. Qc2 Nxb6 18. b3 Ba3 19. O-O Ne7 20. Bc1 {½-½ (53) Danchevski,O (2356)-Ortega,L (2478) Skopje 2015}) 14... exd5 15. O-O Nf8 16. Rfe1 Ne6 17. Be3 Qc7 18. Qc2 a5 19. Re2 b6 (19... Kf8 $11) 20. cxb6 $14 Qxb6 21. Na4 Qb5 22. a3 (22. Bf1 $16) 22... g5 23. Bf2 Kf8 24. Rae1 Re8 (24... Rb8 $14) 25. Bf1 (25. Rxe6 $142 fxe6 26. Rxe6) 25... Qb7 $16 26. Bg2 (26. Rxe6 $16 fxe6 27. Rxe6) 26... Bd6 (26... Qb5 $11) 27. Nc5 (27. Re3 $14) 27... Bxc5 $11 28. dxc5 Rb8 29. Qc3 a4 30. Bd4 Nxd4 (30... Rh6 $11) 31. Qxd4 $14 Qb3 32. Qe5 Kg8 33. Qxg5 d4 (33... Rh6 $142) 34. Qd2 (34. Qf4 $142) 34... d3 $16 35. Re3 Qxb2 36. Qxd3 (36. Rxd3 $16 {aiming for f4.} Rh5 37. Rc1 (37. Rd8+ Kh7 $16)) 36... Rh5 $11 37. Qc4 Rd5 38. f4 $2 ({White should try} 38. Qxa4 $11 Rxc5 39. R3e2) 38... Rd2 $17 {[%emt 0:00:53] Black is more active.} 39. Bxc6 Rxh2 40. R1e2 {[%emt 0:01:12] Prevents Qf2+.} Rxe2 $40 {[%emt 0:01:03][%mdl 192] Deflection. Black has strong attack. Dancing on a razor blade.} 41. Rxe2 (41. Qxe2 $2 {too greedy.} Qa1+ 42. Kf2 Rb2 $19) 41... Qxa3 42. Kh2 Rb3 43. Rg2 Rc3 (43... Ng4+ $19 44. Kh3 Ne3) 44. Qxa4 $15 Qxc5 45. Bf3 {[%emt 0:00:00][%cal Og2e2] Against Ng4+} Qe3 46. Be2 {[%emt 0:00:05] [#]} g6 $1 {[%emt 0:02:19] Threatens to win with ...Kg7.} 47. Qa5 Rc5 {[%emt 0:00:17] Against Qe5} 48. Qa8+ {[%emt 0:00:29] Loses the game.} (48. Qa1 $17 Kg7 49. Qg1) 48... Kg7 $19 49. Qa1 $2 {[%emt 0:00:25] [#]} (49. Qb8 $19) 49... Rc8 $1 50. Bg4 Rh8+ 51. Bh3 Qf3 {[%emt 0:02:28][%cal Oh8h3] ( -> ...Rxh3+!)} 52. Qe5 Rh5 (52... Qg4 $142 53. Kg1 Rxh3 54. Qe2 Qf5 55. Rh2 Rxg3+ 56. Rg2 Rh3 57. Rh2 Qc5+ 58. Kg2 Rc3 59. f5 Rc2 60. Qxc2 Qxc2+ 61. Kh1 Qd1+ 62. Kg2 gxf5 63. Kg3 Qd3+ 64. Kh4 Ne4 65. Rg2+ Kf8 66. Rg1 Qe3 67. Rg6 Ke7 68. Rc6 Qg5+ 69. Kh3 Qg3#) 53. Qe2 Ng4+ {[%emt 0:00:04] Weighted Error Value: White=0.52/Black=0.27 (precise)} 0-1

[Event "24th Hoogeschool Zeeland 2022"]
[Site "Vlissingen"]
[Date "2022.08.08"]
[Round "4.3"]
[White "Royal, Shreyas"]
[Black "Harsha Bharathakoti"]
[Result "1-0"]
[ECO "D30"]
[WhiteElo "2353"]
[BlackElo "2547"]
[Annotator "TA"]
[PlyCount "49"]
[EventDate "2022.08.05"]
[EventType "swiss"]
[EventCountry "NED"]
[SourceTitle "playchess.com"]
[Source "ChessBase"]
[SourceQuality "1"]
[TimeControl "40/5400+30:1800+30"]

1. d4 d5 2. c4 e6 3. Nf3 a6 4. g3 dxc4 5. Bg2 Nc6 6. e3 {[%emt 0:00:14] [#] D30: Queen's Gambit Declined: Systems without Nc3.} e5 $146 ({Predecessor:} 6... b5 7. Ne5 Nxe5 8. Bxa8 Nd3+ 9. Kf1 Nf6 10. Bf3 e5 11. dxe5 Bh3+ 12. Bg2 Qa8 {0-1 (27) Royal,S (2385)-Jackson,J (2400) Kenilworth 2022}) 7. O-O exd4 8. exd4 {[%emt 0:00:05] The position is equal.} Nf6 9. Nc3 Be7 10. Ne5 O-O (10... Nxd4 $5 11. Qa4+ (11. Be3 c5 $11) 11... c6 $11) 11. Bxc6 bxc6 12. Nxc6 {[%emt 0:00:07] Pair of Knights!} Qd6 13. d5 Bb7 14. Bf4 {[%emt 0:16:20] White is more active.} Qd7 15. Nxe7+ Qxe7 {[%emt 0:00:02] [#]} 16. Qd4 {[%emt 0:00:07] Against Qc5} Qd7 17. Rad1 (17. Qxc4 $6 Nxd5 18. Rfd1 Rad8 $11) 17... c6 {[%emt 0:00:07] [#]} (17... Rfe8 $16) 18. Be5 $1 $36 {[%emt 0:05:27][%mdl 2048] White is in control.} (18. Qxc4 cxd5 19. Qd4 Nh5 $14) 18... Ng4 (18... Nxd5 $142 19. Bxg7 Rfe8) 19. Bxg7 c5 {[%emt 0:00:31] [#]} 20. Qf4 {[%emt 0:00:09] Hoping for Qg5.} Kxg7 21. h3 h5 (21... Bc8 {is a better defense.} 22. f3 (22. hxg4 Qxg4 23. Qe5+ f6 $18) (22. Qg5+ Kh8 $18) 22... Nh2) 22. Ne4 (22. hxg4 Qxg4 23. Qe3 h4 $16) 22... Rfe8 $2 (22... Qe7 23. hxg4 Rad8) 23. hxg4 {[%emt 0:01:42] White is clearly winning.} Qxg4 24. Qf6+ Kg8 25. Nd6 {[%emt 0:00:26] Weighted Error Value: White=0.10 (very precise) /Black=0.47} 1-0

[Event "24th Hoogeschool Zeeland 2022"]
[Site "Vlissingen"]
[Date "2022.08.08"]
[Round "4.4"]
[White "Lalith Babu M R"]
[Black "Pham, Khoi"]
[Result "1-0"]
[ECO "D02"]
[WhiteElo "2549"]
[BlackElo "2317"]
[Annotator "TA"]
[PlyCount "67"]
[EventDate "2022.08.05"]
[EventType "swiss"]
[EventCountry "NED"]
[SourceTitle "playchess.com"]
[Source "ChessBase"]
[SourceQuality "1"]
[TimeControl "40/5400+30:1800+30"]

1. Nf3 d5 2. d4 Nf6 3. Bf4 c5 4. e3 Nc6 5. Nbd2 Qb6 6. dxc5 {[%emt 0:04:42] D02: 1 d4 d5 2 Nf3 sidelines, including 2...Nf6 3 g3 and 2...Nf6 3 Bf4.} Qxb2 7. Be2 g6 8. O-O {[%emt 0:06:13] The position is equal.} Bg7 {[%emt 0:00:00] [#]} 9. Rb1 $146 ({Predecessor:} 9. c4 O-O 10. cxd5 Nxd5 11. Rb1 Nc3 12. Rxb2 Nxd1 13. Rc2 Nc3 14. Bc4 Bf5 15. Rcc1 {0-1 (26) Pressman,L (2307)-Le Goff,D (2342) Chess.com INT 2021}) 9... Qc3 10. Nd4 O-O 11. Nb5 Qa5 ({Black should play} 11... Qxc5 $11 12. Nb3 Qb4) 12. Bc7 $1 $14 Qa4 (12... Qxa2 $2 13. Nc3 Qxb1 14. Ndxb1 $18) 13. Nc3 Qh4 14. Nf3 $36 {[%emt 0:00:32][%csl LRd5,LRh4][%mdl 2048] White has some pressure.} Qh5 15. Nd4 Qh6 16. Bf4 g5 17. Bg3 e5 ({Better is} 17... Rd8 $14) 18. Nxc6 $16 {[%emt 0:08:20] White is more active.} bxc6 19. Bxe5 Ng4 20. Bd6 {[%emt 0:00:04] Strongly threatening Nxd5.} Nxh2 21. Nxd5 $1 ({But not} 21. Bxh2 $6 Bxc3 22. Rb3 Qf6 $14) ({Don't play} 21. Bxf8 $6 Nxf1 22. Bd6 Bxc3 $14) 21... Nxf1 22. Bxf1 Be6 {[%emt 0:00:00] [#]} (22... Bd7 $16) 23. Bxf8 (23. Ne7+ $1 $18 {and the rest is easy.} Kh8 24. Nxc6) 23... Bxf8 24. Nc7 Rc8 25. Nxe6 Qxe6 26. Rb7 (26. Qd4 $142) 26... Bxc5 27. Qh5 Qg6 {[%emt 0:00:00] [#]} (27... h6 $14) 28. Qg4 $1 Rd8 29. Bd3 Qf6 30. Qe4 Qg7 {[%emt 0:07:08] A mistake that costs the game.} (30... h5 $16 {was called for.} 31. Qh7+ Kf8 32. Qxh5 Re8) 31. g3 $18 h5 32. Qxc6 Qe5 (32... Bb6 33. Bc4 Rf8) 33. Qf3 Qd5 {[%emt 0:00:43] [#]} (33... Qg7 $142 34. Bc4 Rf8 35. Qxh5 Qf6 36. Bxf7+ Rxf7 37. Rxf7 Qxf7 38. Qxg5+ Qg7 39. Qxc5 Qa1+ 40. Kg2 Qxa2) 34. Qxh5 $1 {[%emt 0:00:07] Weighted Error Value: White=0.23 (precise) /Black=0.28 (precise)} 1-0